[Event "December 5 Early 2023"]
[Site "https://www.chess.com"]
[Date "2023.12.05"]
[Round "2"]
[White "Antunez Soler, Luis"]
[Black "Firouzja, Alireza"]
[Result "0-1"]
[Board "3"]
[TimeControl "180+1"]
[WhiteFideId "3513335"]
[BlackFideId "12573981"]
[WhiteElo "2650"]
[BlackElo "3168"]
[WhiteTeam "CUB"]
[BlackTeam "FRA"]
[WhiteClock "0:00:56"]
[BlackClock "0:02:23"]

1. e4 c5 2. Nf3 d6 3. Bb5+ Nd7 4. d4 cxd4 5. Qxd4 a6 6. Bxd7+ Bxd7 7. Bg5 f6 8. Be3 e6 9. Nc3 Ne7 10. Qxd6 Nd5 11. Qg3 Nxc3 12. bxc3 e5 13. O-O Qc7 14. Nh4 Be6 15. f4 Bd6 16. Nf5 Bxf5 17. exf5 O-O 18. Rad1 Rad8 19. Rd5 exf4 0-1

[Event "December 5 Early 2023"]
[Site "https://www.chess.com"]
[Date "2023.12.05"]
[Round "2"]
[White "Andreikin, Dmitry"]
[Black "Gubajdullin, Alexei"]
[Result "1-0"]
[Board "4"]
[TimeControl "180+1"]
[WhiteFideId "4158814"]
[BlackFideId "4141202"]
[WhiteElo "3092"]
[BlackElo "2648"]
[WhiteTeam "FID"]
[BlackTeam "RUS"]
[WhiteClock "0:00:18"]
[BlackClock "0:00:01"]

1. d4 Nf6 2. c4 g6 3. Nc3 Bg7 4. e4 O-O 5. Be3 d6 6. h3 Na6 7. Nf3 c5 8. Bd3 cxd4 9. Nxd4 Nc5 10. O-O Nxd3 11. Qxd3 Nd7 12. Qd2 a6 13. Bh6 Bxh6 14. Qxh6 Qb6 15. Qd2 e6 16. Rad1 Rd8 17. b3 Ne5 18. Qg5 Bd7 19. Kh1 Kg7 20. f4 f6 21. Qg3 Nc6 22. Nxc6 Bxc6 23. f5 e5 24. fxg6 hxg6 25. Qh4 g5 26. Qg4 Qb4 27. Ne2 Bd7 28. Qf3 Rf8 29. Ng3 Rf7 30. Nh5+ Kg6 31. g4 Raf8 32. Qd3 Bc6 33. Kh2 Qc5 34. Qf3 Bd7 35. Rd5 Qc7 36. Rfd1 Bc8 37. Rxd6 Qc5 38. Rd8 Qa3 39. Rxc8 Qb2+ 40. Kg1 Rxc8 41. Qf5+ Kh6 42. Qxc8 Qe2 43. Rf1 Qe3+ 44. Kh2 Qe2+ 45. Kg1 Qe3+ 46. Rf2 Qe1+ 47. Kg2 Qxe4+ 48. Kh2 Qe3 49. Qh8+ Kg6 50. Rxf6+ Rxf6 51. Qg7# 1-0

[Event "December 5 Early 2023"]
[Site "https://www.chess.com"]
[Date "2023.12.05"]
[Round "2"]
[White "Bortnyk, Olexandr"]
[Black "Gontcharov, Vladislav"]
[Result "1-0"]
[Board "5"]
[TimeControl "180+1"]
[WhiteFideId "14120828"]
[BlackFideId "4123492"]
[WhiteElo "3077"]
[BlackElo "2648"]
[WhiteTeam "UKR"]
[BlackTeam "RUS"]
[WhiteClock "0:01:31"]
[BlackClock "0:00:26"]

1. e4 e6 2. Nf3 d5 3. e5 c5 4. d4 Nc6 5. Bd3 cxd4 6. O-O Nh6 7. Re1 Nf5 8. Bxf5 exf5 9. Nxd4 Be6 10. Nc3 Be7 11. Nxe6 fxe6 12. Qh5+ g6 13. Qh6 Kf7 14. Nb5 a6 15. Nd6+ Bxd6 16. exd6 Qxd6 17. Bg5 Qf8 18. Qh3 h6 19. Bd2 Rc8 20. Rad1 Qg7 21. c4 d4 22. Qb3 Kg8 23. Rxe6 Kh7 24. Rde1 Rhf8 25. Bxh6 Qxh6 26. Qxb7+ Qg7 27. Re7 Nxe7 28. Rxe7 Qxe7 29. Qxe7+ Kh6 30. Qh4+ Kg7 31. Qxd4+ Kh7 32. Qa7+ Kh6 33. Qxa6 Rfe8 34. g3 Rc5 35. b4 Rce5 36. c5 Re1+ 37. Kg2 Rc1 38. Qf6 Rc2 39. c6 Ree2 40. Qh8+ 1-0

[Event "December 5 Early 2023"]
[Site "https://www.chess.com"]
[Date "2023.12.05"]
[Round "2"]
[White "Smirnov, Alexandr A."]
[Black "Caruana, Fabiano"]
[Result "0-1"]
[Board "6"]
[TimeControl "180+1"]
[WhiteFideId "24104396"]
[BlackFideId "2020009"]
[WhiteElo "2647"]
[BlackElo "3074"]
[WhiteTeam "RUS"]
[BlackTeam "USA"]
[WhiteClock "0:00:07"]
[BlackClock "0:01:00"]

1. e4 e6 2. d4 d5 3. Nc3 Bb4 4. e5 Qd7 5. Ne2 b6 6. a3 Bf8 7. f4 Ba6 8. Be3 h5 9. Ng3 Bxf1 10. Nxf1 Nc6 11. h4 O-O-O 12. Qd3 Kb7 13. Nd2 Nh6 14. Nf3 Nf5 15. Bf2 Be7 16. O-O-O Na5 17. Ne2 Nc4 18. Ng3 Nxg3 19. Bxg3 g6 20. Nd2 Qc6 21. Nxc4 dxc4 22. Qf3 Qxf3 23. gxf3 Rd5 24. Bf2 Rhd8 25. Kd2 c5 26. Kc3 b5 27. Rd2 Kc6 28. Rhd1 a5 29. b3 cxb3 30. Kxb3 c4+ 31. Kb2 b4 32. axb4 axb4 33. c3 Rb8 34. cxb4 Bxb4 35. Re2 Ra5 36. Rb1 Bd2+ 37. Kc2 Ra2+ 0-1

[Event "December 5 Early 2023"]
[Site "https://www.chess.com"]
[Date "2023.12.05"]
[Round "2"]
[White "Pranav, V"]
[Black "Rojas Alarcon, Julian Antonio"]
[Result "1-0"]
[Board "7"]
[TimeControl "180+1"]
[WhiteFideId "25060783"]
[BlackFideId "5107407"]
[WhiteElo "3074"]
[BlackElo "2645"]
[WhiteTeam "IND"]
[BlackTeam "MEX"]
[WhiteClock "0:00:15"]
[BlackClock "0:00:34"]

1. e4 c5 2. Nf3 d6 3. d4 cxd4 4. Nxd4 Nf6 5. Nc3 g6 6. Be3 Bg7 7. f3 O-O 8. Qd2 Nc6 9. O-O-O d5 10. exd5 Nxd5 11. Nxc6 bxc6 12. Bd4 Bxd4 13. Qxd4 Qb6 14. Na4 Qc7 15. c4 Nf4 16. g3 Ne6 17. Qe3 Rb8 18. Bh3 Rb4 19. b3 Rxa4 20. bxa4 Qa5 21. Rhe1 Nc5 22. Bxc8 Rxc8 23. Qa3 e6 24. Re2 Nxa4 25. Red2 Kg7 26. Rb2 c5 27. Rb3 h5 28. Kc2 Rc6 29. Rb5 Qa6 30. Qb3 Rc7 31. Rd8 Kh7 32. Rbb8 f6 33. Rh8+ Kg7 34. Rbg8+ Kf7 35. Rh7+ Kxg8 36. Rxc7 Nb6 37. Rxc5 g5 38. Rc7 Qa5 39. c5 Nd5 40. Qb8# 1-0

[Event "December 5 Early 2023"]
[Site "https://www.chess.com"]
[Date "2023.12.05"]
[Round "2"]
[White "Lamaze, Simon"]
[Black "So, Wesley"]
[Result "0-1"]
[Board "8"]
[TimeControl "180+1"]
[WhiteFideId "36069264"]
[BlackFideId "5202213"]
[WhiteElo "2644"]
[BlackElo "3056"]
[WhiteTeam "FRA"]
[BlackTeam "USA"]
[WhiteClock "0:00:28"]
[BlackClock "0:00:25"]

1. c4 f5 2. g3 e5 3. Bg2 Nf6 4. Nc3 Bb4 5. Nd5 Nxd5 6. cxd5 O-O 7. a3 Be7 8. e3 c5 9. dxc6 dxc6 10. Ne2 Be6 11. O-O Nd7 12. b4 a5 13. bxa5 Qxa5 14. Bb2 Qc7 15. Qc2 g6 16. d4 e4 17. Nf4 Qd6 18. Nxe6 Qxe6 19. Rfd1 Nf6 20. d5 Nxd5 21. Bf1 Bf6 22. Bc4 Kg7 23. Rab1 Rf7 24. Qb3 Bxb2 25. Bxd5 cxd5 26. Qxb2+ Kh6 27. Rbc1 Rd7 28. Rc5 Ra6 29. Rb5 Qc6 30. Rc1 Qd6 31. Rb4 Rc6 32. Rd1 Qc7 33. Kg2 Rc2 34. Qf6 Qd8 35. Qxd8 Rxd8 36. Rxb7 Ra2 37. Rc1 d4 38. Rcc7 dxe3 39. Rxh7+ Kg5 40. Rb6 Rxf2+ 41. Kh3 Rdd2 0-1

[Event "December 5 Early 2023"]
[Site "https://www.chess.com"]
[Date "2023.12.05"]
[Round "2"]
[White "Aronian, Levon"]
[Black "Jain Kashish Manoj"]
[Result "1-0"]
[Board "9"]
[TimeControl "180+1"]
[WhiteFideId "13300474"]
[BlackFideId "35081098"]
[WhiteElo "3054"]
[BlackElo "2642"]
[WhiteTeam "USA"]
[BlackTeam "IND"]
[WhiteClock "0:01:38"]
[BlackClock "0:00:01"]

1. e4 c5 2. Nf3 a6 3. c3 e6 4. d4 d5 5. e5 Bd7 6. a3 c4 7. g3 Qa5 8. Bf4 Ba4 9. Qc1 Nc6 10. h4 O-O-O 11. Bh3 Kb8 12. O-O h6 13. h5 Ka7 14. Nbd2 Qc7 15. Kg2 Nge7 16. Rh1 Nc8 17. Nf1 Na5 18. N3d2 Be7 19. Bg4 Rdf8 20. Ne3 Qd8 21. Bd1 Qe8 22. Bc2 Bxc2 23. Qxc2 Nb6 24. Qd1 Qa4 25. Qe2 Qb5 26. Rab1 Rc8 27. g4 Rhf8 28. Bg3 Qe8 29. f4 Nd7 30. f5 Bg5 31. Nf3 Bxe3 32. Qxe3 f6 33. exf6 exf5 34. Qxe8 Rcxe8 35. fxg7 Rf7 36. g5 Rxg7 37. g6 Nf6 38. Be5 Re6 39. Rbe1 Nc6 40. Bb8+ 1-0

[Event "December 5 Early 2023"]
[Site "https://www.chess.com"]
[Date "2023.12.05"]
[Round "2"]
[White "Zavgorodniy, Sergiy"]
[Black "Le, Tuan Minh"]
[Result "0-1"]
[Board "10"]
[TimeControl "180+1"]
[WhiteFideId "14110148"]
[BlackFideId "12401153"]
[WhiteElo "2641"]
[BlackElo "3053"]
[WhiteTeam "UKR"]
[BlackTeam "VIE"]
[WhiteClock "0:00:36"]
[BlackClock "0:00:58"]

1. e4 e5 2. Nf3 Nc6 3. Bb5 a6 4. Bxc6 dxc6 5. O-O Qf6 6. d4 exd4 7. Bg5 Qd6 8. Nxd4 Be7 9. Be3 Nf6 10. Nc3 Ng4 11. g3 Nxe3 12. fxe3 Qe5 13. Nf5 Bc5 14. Qf3 O-O 15. Qf4 Qxf4 16. gxf4 Bxf5 17. exf5 Bxe3+ 18. Kg2 Rad8 19. Kf3 Bd4 20. Rad1 Bxc3 21. bxc3 Rfe8 22. Rd4 Kf8 23. Rfd1 Rxd4 24. cxd4 Rd8 25. c3 c5 26. d5 b5 27. a4 Ke7 28. axb5 axb5 29. Ke4 Rb8 30. Ra1 b4 31. cxb4 cxb4 32. Rc1 Kd6 33. Rc6+ Kd7 0-1

[Event "December 5 Early 2023"]
[Site "https://www.chess.com"]
[Date "2023.12.05"]
[Round "2"]
[White "Oparin, Grigoriy"]
[Black "Kotlyar, Kirill"]
[Result "1-0"]
[Board "11"]
[TimeControl "180+1"]
[WhiteFideId "24125890"]
[BlackFideId "24145599"]
[WhiteElo "3052"]
[BlackElo "2638"]
[WhiteTeam "USA"]
[BlackTeam "RUS"]
[WhiteClock "0:02:09"]
[BlackClock "0:00:47"]

1. Nf3 Nf6 2. g3 g6 3. c4 Bg7 4. Bg2 O-O 5. Nc3 d5 6. cxd5 Nxd5 7. d4 c5 8. O-O Nc6 9. Nxd5 Qxd5 10. Be3 Qh5 11. dxc5 Bxb2 12. Rb1 Bg7 13. Qa4 e5 14. Rfd1 Ne7 15. Qh4 Qxh4 16. Nxh4 Rb8 17. c6 Be6 18. Bxa7 Ra8 19. cxb7 Rxa7 20. b8=Q Rxb8 21. Rxb8+ Nc8 22. Rd8+ Bf8 23. Rdxc8 Bxc8 24. Rxc8 Rxa2 25. Bf1 Kg7 26. e3 e4 27. Ng2 Bb4 28. Rc4 Be1 29. Nxe1 1-0

[Event "December 5 Early 2023"]
[Site "https://www.chess.com"]
[Date "2023.12.05"]
[Round "2"]
[White "Renjith, Sravan"]
[Black "Bluebaum, Matthias"]
[Result "0-1"]
[Board "12"]
[TimeControl "180+1"]
[WhiteFideId "4306783"]
[BlackFideId "24651516"]
[WhiteElo "2637"]
[BlackElo "3050"]
[WhiteTeam "NZL"]
[BlackTeam "GER"]
[WhiteClock "0:01:01"]
[BlackClock "0:00:58"]

1. e4 e6 2. d4 d5 3. exd5 exd5 4. Nf3 Nc6 5. Bf4 Bd6 6. Bxd6 Qxd6 7. Nbd2 Nge7 8. Bd3 Bf5 9. Bxf5 Nxf5 10. Qe2+ Nfe7 11. O-O O-O-O 12. c3 Ng6 13. Qd3 Rde8 14. Rfe1 Qd7 15. Nf1 Nf4 16. Qd2 g5 17. Rxe8+ Rxe8 18. Re1 f6 19. Ng3 h5 20. h4 Rxe1+ 21. Qxe1 gxh4 22. Nxh4 Qe7 23. Qxe7 Nxe7 24. Nhf5 Nxf5 25. Nxf5 Nd3 26. Ne7+ Kd7 27. Nxd5 f5 28. b3 Nc1 29. Nf6+ Ke6 30. Nxh5 Ne2+ 31. Kf1 Nxc3 32. Nf4+ Kd6 33. a3 Nb1 34. Ke2 Nxa3 35. Kd3 a5 36. f3 Nb5 37. g4 fxg4 38. fxg4 c6 39. Kc4 Nc7 40. g5 b5+ 41. Kd3 Ne6 42. Nxe6 Kxe6 43. Ke4 a4 44. bxa4 bxa4 45. Kd3 Kf5 46. Kc4 Kxg5 47. Kb4 Kf4 48. Kxa4 Ke4 49. d5 cxd5 0-1

[Event "December 5 Early 2023"]
[Site "https://www.chess.com"]
[Date "2023.12.05"]
[Round "2"]
[White "Duda, Jan-Krzysztof"]
[Black "Ehlvest, Jaan"]
[Result "1-0"]
[Board "13"]
[TimeControl "180+1"]
[WhiteFideId "1170546"]
[BlackFideId "4500016"]
[WhiteElo "3048"]
[BlackElo "2632"]
[WhiteTeam "POL"]
[BlackTeam "USA"]
[WhiteClock "0:00:22"]
[BlackClock "0:00:31"]

1. d4 g6 2. e4 Bg7 3. Nc3 c5 4. d5 d6 5. Bb5+ Bd7 6. a4 Nf6 7. Nf3 O-O 8. O-O Na6 9. Re1 Nc7 10. Bf1 Bg4 11. h3 Bxf3 12. Qxf3 a6 13. a5 Rb8 14. Nb1 Nd7 15. c3 b5 16. axb6 Rxb6 17. Nd2 Ne5 18. Qd1 e6 19. f4 Nd7 20. Nc4 exd5 21. Nxb6 Nxb6 22. exd5 Nbxd5 23. g3 Ne7 24. Be3 Nf5 25. Bf2 h5 26. Bd3 h4 27. g4 Ng3 28. Qf3 Ne6 29. Rxa6 g5 30. Bxg3 hxg3 31. Qe4 Re8 32. fxg5 Nc7 33. Qh7+ Kf8 34. Raa1 Qxg5 35. Rxe8+ Nxe8 36. Qe4 d5 37. Qe2 Be5 38. Rf1 Nd6 39. Kg2 c4 40. Bf5 Kg7 41. Qxe5+ f6 42. Qf4 1-0

[Event "December 5 Early 2023"]
[Site "https://www.chess.com"]
[Date "2023.12.05"]
[Round "2"]
[White "Gimenez Aguirre, Alejo Ismael"]
[Black "Tabatabaei, M. Amin"]
[Result "0-1"]
[Board "14"]
[TimeControl "180+1"]
[WhiteFideId "32041667"]
[BlackFideId "12521213"]
[WhiteElo "2631"]
[BlackElo "3035"]
[WhiteTeam "ARG"]
[BlackTeam "IRI"]
[WhiteClock "0:00:07"]
[BlackClock "0:01:14"]

1. e4 c6 2. d4 d5 3. Nd2 dxe4 4. Nxe4 Nf6 5. Nxf6+ exf6 6. Nf3 Bd6 7. Be3 O-O 8. c3 Re8 9. Be2 Nd7 10. Qd2 Nf8 11. O-O Ng6 12. Rfe1 Bg4 13. h3 Be6 14. Bf1 Bc7 15. c4 Qd6 16. g3 Rad8 17. Rad1 h5 18. h4 Bg4 19. Bg2 a6 20. Rc1 f5 21. d5 f4 22. Bxf4 Nxf4 23. gxf4 Qxf4 24. Qxf4 Bxf4 25. Rxe8+ Rxe8 26. Re1 Rxe1+ 27. Nxe1 c5 28. Nd3 Bd6 29. b4 b6 30. a3 Bf5 31. bxc5 bxc5 32. Nb2 Be7 33. Bf3 g6 34. Na4 Bc2 35. Nb6 Kf8 36. Kg2 Ke8 37. Kg3 Kd8 38. d6 Bxd6+ 39. Kg2 Bd3 40. Bd5 f6 41. Bf7 Ke7 42. Bd5 Bc7 43. Na4 Kd6 44. Nb2 Bf5 45. Nd1 Ke5 46. Kf3 g5 47. hxg5 fxg5 48. Ne3 Bg6 49. Kg3 Kd4+ 50. Kf3 g4+ 51. Kg2 Bf4 52. Nf1 h4 53. f3 h3+ 54. Kf2 gxf3 55. Kxf3 Bc7 56. Ng3 h2 57. Ne2+ Ke5 58. Kf2 Be4 59. Ng3 Bxd5 60. cxd5 Kxd5 61. Nh1 c4 62. Ke2 Kd4 63. Kd2 Bd8 64. Kc2 Bh4 65. a4 a5 66. Kd2 c3+ 67. Kc2 Kc4 68. Kc1 Kb3 69. Kb1 Kxa4 70. Kc2 Kb4 0-1

[Event "December 5 Early 2023"]
[Site "https://www.chess.com"]
[Date "2023.12.05"]
[Round "2"]
[White "Praggnanandhaa R"]
[Black "Taichman, Ori"]
[Result "0-1"]
[Board "15"]
[TimeControl "180+1"]
[WhiteFideId "25059530"]
[BlackFideId "2804069"]
[WhiteElo "3022"]
[BlackElo "2628"]
[WhiteTeam "IND"]
[BlackTeam "ISR"]
[WhiteClock "0:00:01"]
[BlackClock "0:00:22"]

1. Nc3 Nf6 2. Nf3 c5 3. e4 d6 4. Bc4 Nc6 5. O-O Bg4 6. h3 Bxf3 7. Qxf3 g6 8. Nd5 Bg7 9. c3 O-O 10. Qe2 Nd7 11. Bb3 Rb8 12. a4 a6 13. d3 e6 14. Ne3 b5 15. axb5 axb5 16. Bd2 Qb6 17. Kh1 Ra8 18. Rab1 Na5 19. Bc2 b4 20. f4 b3 21. Bd1 Qb5 22. Ra1 Nb7 23. Rxa8 Rxa8 24. f5 Ne5 25. c4 Qb6 26. Bc3 Nd8 27. Bxe5 Bxe5 28. Ng4 Nc6 29. Qf2 Bd4 30. Qh4 Qd8 31. Nh6+ Kg7 32. f6+ Bxf6 33. Qf4 Ne5 34. Bxb3 Bg5 35. Nxf7 Bxf4 36. Nxd8 Rxd8 37. Rxf4 Rb8 38. Bd1 Rxb2 39. Bg4 Nxd3 40. Rf1 e5 41. Kg1 Rc2 42. Be6 Rc1 43. Rxc1 Nxc1 44. Kf2 Nb3 45. Ke3 Nd4 46. Bd5 Kf6 47. g3 g5 48. Bg8 h6 49. Bd5 Ke7 50. h4 gxh4 51. gxh4 Kd7 52. h5 Kc7 53. Kd3 Kb6 54. Kc3 Ka5 55. Bf7 Ka4 56. Bg6 Ka3 57. Be8 Ka2 58. Bg6 Kb1 59. Be8 Kc1 60. Bg6 Kd1 61. Kd3 Ke1 62. Kc3 Ke2 63. Kb2 Kd3 0-1

[Event "December 5 Early 2023"]
[Site "https://www.chess.com"]
[Date "2023.12.05"]
[Round "2"]
[White "Zemlyanskii, Ivan"]
[Black "Skliarov, Viktor"]
[Result "1-0"]
[Board "16"]
[TimeControl "180+1"]
[WhiteFideId "24249971"]
[BlackFideId "14106736"]
[WhiteElo "3010"]
[BlackElo "2624"]
[WhiteTeam "RUS"]
[BlackTeam "UKR"]
[WhiteClock "0:01:01"]
[BlackClock "0:00:19"]

1. d4 Nf6 2. c4 e6 3. Bf4 b6 4. Nc3 Bb4 5. Qc2 Bb7 6. e3 O-O 7. Ne2 Ne4 8. a3 Bxc3+ 9. Nxc3 Nxc3 10. Qxc3 d6 11. Bd3 a5 12. b3 Nd7 13. O-O e5 14. Bg3 e4 15. Be2 Qg5 16. b4 h5 17. h3 h4 18. Bh2 a4 19. Rab1 Qg6 20. c5 bxc5 21. bxc5 Bd5 22. cxd6 cxd6 23. Qc7 Nf6 24. Qxd6 Bb3 25. Rfc1 Rac8 26. Rc5 Rfd8 27. Qb6 Rxc5 28. Qxd8+ 1-0

[Event "December 5 Early 2023"]
[Site "https://www.chess.com"]
[Date "2023.12.05"]
[Round "2"]
[White "Marosi, Levente"]
[Black "Paravyan, David"]
[Result "1/2-1/2"]
[Board "17"]
[TimeControl "180+1"]
[WhiteFideId "747181"]
[BlackFideId "4194985"]
[WhiteElo "2620"]
[BlackElo "3005"]
[WhiteTeam "HUN"]
[BlackTeam "FID"]
[WhiteClock "0:01:05"]
[BlackClock "0:00:20"]

1. e4 e5 2. Nf3 Nf6 3. Nxe5 d6 4. Nf3 Nxe4 5. Nc3 Nxc3 6. dxc3 Be7 7. Be3 O-O 8. Qd2 Nd7 9. O-O-O Nf6 10. Kb1 Re8 11. h3 Bd7 12. g4 Bc6 13. Bg2 Ne4 14. Qd3 Bf6 15. Rhg1 Nc5 16. Qd2 Ne4 17. Qd3 Nc5 18. Qd2 Qe7 19. g5 Ne4 20. Qd3 Be5 21. Nxe5 Qxe5 22. Bd4 Qf4 23. Bxe4 Bxe4 24. Qd2 Qxd2 25. Rxd2 Bf5 26. h4 Re4 27. Rh1 Rae8 28. Be3 b6 29. Rd4 Rxd4 30. cxd4 Re4 31. Kc1 Kf8 32. Kd2 Bg4 33. f4 Bh5 34. Rf1 f5 35. c3 Ke7 36. Kd3 Kd7 37. Re1 Bf7 38. b3 c5 39. Bd2 d5 40. Rxe4 dxe4+ 41. Ke3 c4 42. b4 Ke6 43. Kf2 Be8 44. Be3 Kf7 45. Kg3 Ke6 46. Kf2 Kd5 47. Ke1 Kc6 48. Kd2 g6 49. Kc2 Kd5 1/2-1/2

[Event "December 5 Early 2023"]
[Site "https://www.chess.com"]
[Date "2023.12.05"]
[Round "2"]
[White "Sarana, Alexey"]
[Black "Degenbaev, Aziz"]
[Result "1/2-1/2"]
[Board "18"]
[TimeControl "180+1"]
[WhiteFideId "24133795"]
[BlackFideId "13802640"]
[WhiteElo "3004"]
[BlackElo "2620"]
[WhiteTeam "SRB"]
[BlackTeam "KGZ"]
[WhiteClock "0:00:32"]
[BlackClock "0:00:20"]

1. d4 Nf6 2. c4 c5 3. d5 b5 4. cxb5 a6 5. e3 Bb7 6. Nc3 axb5 7. Bxb5 Qa5 8. Bd2 Qb6 9. Qb3 e6 10. e4 Nxe4 11. Nxe4 Bxd5 12. Qd3 f5 13. f3 fxe4 14. fxe4 c4 15. Bxc4 Qxb2 16. Rc1 Bxc4 17. Qxc4 Nc6 18. Nf3 Qxa2 19. Qd3 Qa7 20. Bc3 Ba3 21. Ra1 O-O 22. Ke2 Qc5 23. Rhd1 d6 24. Rd2 Bb4 25. Rc1 Ne5 26. Nxe5 dxe5 27. Qe3 Qc4+ 28. Qd3 Qc5 29. Qe3 Qc4+ 30. Qd3 Qc5 1/2-1/2

[Event "December 5 Early 2023"]
[Site "https://www.chess.com"]
[Date "2023.12.05"]
[Round "2"]
[White "Lenaerts, Lennert"]
[Black "Makarian, Rudik"]
[Result "0-1"]
[Board "19"]
[TimeControl "180+1"]
[WhiteFideId "211435"]
[BlackFideId "44105681"]
[WhiteElo "2620"]
[BlackElo "2998"]
[WhiteTeam "BEL"]
[BlackTeam "FID"]
[WhiteClock "0:01:22"]
[BlackClock "0:01:03"]

1. d4 Nf6 2. c4 e6 3. Nc3 d5 4. cxd5 exd5 5. Bg5 c6 6. e3 h6 7. Bh4 Be7 8. Bd3 O-O 9. Qc2 Re8 10. Nf3 Nbd7 11. O-O Ne4 12. Bxe7 Qxe7 13. b4 Ndf6 14. b5 c5 15. dxc5 Nxc5 16. Nd4 Bd7 17. Rfd1 Rac8 18. Qb2 Qe5 19. Be2 Bg4 20. h3 Bxe2 21. Qxe2 Ne6 22. Nxe6 Rxe6 23. Na4 d4 24. Rac1 Rxc1 25. Rxc1 dxe3 26. fxe3 g6 27. Nc5 Re7 28. e4 b6 29. Nd3 Qd4+ 30. Nf2 Nxe4 31. Re1 Re6 32. Qe3 Qxe3 33. Rxe3 Nxf2 34. Rxe6 Nxh3+ 0-1

[Event "December 5 Early 2023"]
[Site "https://www.chess.com"]
[Date "2023.12.05"]
[Round "2"]
[White "Martinez Alcantara, Jose Eduardo"]
[Black "Zhurbinsky, David"]
[Result "1/2-1/2"]
[Board "20"]
[TimeControl "180+1"]
[WhiteFideId "3805662"]
[BlackFideId "2072904"]
[WhiteElo "2989"]
[BlackElo "2615"]
[WhiteTeam "PER"]
[BlackTeam "USA"]
[WhiteClock "0:00:21"]
[BlackClock "0:00:20"]

1. e4 e5 2. Nf3 Nc6 3. Nc3 Nf6 4. h3 Bb4 5. a3 Bxc3 6. dxc3 d6 7. Bd3 h6 8. Qe2 Be6 9. Be3 Qd7 10. O-O-O a6 11. Nd2 Na5 12. f4 exf4 13. Bxf4 Qa4 14. Rhf1 Nd7 15. Kb1 Nc5 16. Be3 Nxd3 17. cxd3 Nb3 18. c4 b5 19. Nxb3 Qxb3 20. Rc1 bxc4 21. dxc4 Rb8 22. Bd4 Qxa3 23. Rf3 Qa4 24. Rg3 Rb4 25. Rgc3 Kd7 26. Qc2 Qa5 27. b3 Rhb8 28. Kb2 1/2-1/2

[Event "December 5 Early 2023"]
[Site "https://www.chess.com"]
[Date "2023.12.05"]
[Round "2"]
[White "Janaszak, Dawid"]
[Black "Matlakov, Maxim"]
[Result "0-1"]
[Board "21"]
[TimeControl "180+1"]
[WhiteFideId "1119206"]
[BlackFideId "4168003"]
[WhiteElo "2614"]
[BlackElo "2983"]
[WhiteTeam "POL"]
[BlackTeam "RUS"]
[WhiteClock "0:00:04"]
[BlackClock "0:00:32"]

1. e4 c5 2. Nc3 Nc6 3. Bb5 Nd4 4. Nf3 e6 5. O-O a6 6. Bd3 Nc6 7. Be2 Nd4 8. Bd3 Nc6 9. Be2 Nf6 10. d4 cxd4 11. Nxd4 Qc7 12. Kh1 Be7 13. f4 d6 14. Be3 O-O 15. Qe1 Nxd4 16. Bxd4 b5 17. a3 Bb7 18. Qg3 Bc6 19. Rae1 Rad8 20. Bd3 Rd7 21. e5 dxe5 22. Bxe5 Qd8 23. Qh3 g6 24. Nd1 Nh5 25. Ne3 f5 26. Be2 Nf6 27. Bf3 Ne4 28. Kg1 Bc5 29. c3 Rd2 30. Qh6 Rf7 31. b4 Bb6 32. h3 Qd3 33. Bxe4 Bxe3+ 34. Kh2 Bxe4 35. Rg1 Bxg1+ 36. Rxg1 Qf3 37. Qg5 Rfd7 38. Bd4 Rxg2+ 39. Rxg2 Qxg2+ 40. Qxg2 Bxg2 41. Kxg2 Kf7 42. Kf2 h6 43. Ke3 g5 44. Be5 Rd1 45. fxg5 hxg5 46. c4 bxc4 0-1

[Event "December 5 Early 2023"]
[Site "https://www.chess.com"]
[Date "2023.12.05"]
[Round "2"]
[White "Durarbayli, Vasif"]
[Black "Ianovsky, Matias Manuel"]
[Result "1-0"]
[Board "22"]
[TimeControl "180+1"]
[WhiteFideId "13402935"]
[BlackFideId "112470"]
[WhiteElo "2976"]
[BlackElo "2610"]
[WhiteTeam "AZE"]
[BlackTeam "ARG"]
[WhiteClock "0:00:16"]
[BlackClock "0:00:00"]

1. e4 c6 2. d4 d5 3. e5 c5 4. dxc5 Nc6 5. f4 e6 6. Be3 d4 7. Bf2 Bxc5 8. Nd2 Nh6 9. Bd3 Nf5 10. Ne4 Bb4+ 11. c3 Be7 12. Nf3 h5 13. O-O dxc3 14. bxc3 h4 15. Qe2 Qa5 16. c4 b6 17. Rab1 Ba6 18. Be1 Qa3 19. Kh1 Rd8 20. Rb3 Qa4 21. Nc3 Qa5 22. Nb5 Ng3+ 23. Bxg3 hxg3 24. h3 Bxb5 25. cxb5 Nd4 26. Nxd4 Rxd4 27. Qg4 Qd2 28. Qxg3 Bc5 29. Qxg7 Rf8 30. Qg3 Rd5 31. Be4 Rd4 32. Qf3 Qxa2 33. Rd3 Rg8 34. Bc6+ Ke7 35. Rxd4 Bxd4 36. Rd1 Bc5 37. Rd7+ Kf8 38. Rd1 Qa4 39. f5 Rg3 40. Qh5 1-0

[Event "December 5 Early 2023"]
[Site "https://www.chess.com"]
[Date "2023.12.05"]
[Round "2"]
[White "Principe, Gerson"]
[Black "Navara, David"]
[Result "0-1"]
[Board "23"]
[TimeControl "180+1"]
[WhiteFideId "3804550"]
[BlackFideId "309095"]
[WhiteElo "2608"]
[BlackElo "2968"]
[WhiteTeam "PER"]
[BlackTeam "CZE"]
[WhiteClock "0:00:16"]
[BlackClock "0:00:23"]

1. d4 d5 2. Nf3 Nf6 3. e3 c5 4. Be2 cxd4 5. exd4 Nc6 6. O-O Bg4 7. c3 e6 8. Bg5 h6 9. Bh4 Bd6 10. Nbd2 Qc7 11. Bg3 Bxg3 12. hxg3 O-O 13. Re1 Nd7 14. a4 Rab8 15. Nf1 a6 16. Qd2 Na5 17. Qd1 Nc4 18. Qc2 Bf5 19. Qc1 b5 20. axb5 axb5 21. b3 Nd6 22. Qd2 Ne4 23. Qb2 Nxc3 24. Ne3 Bh7 25. Rec1 b4 26. Nd1 Nxe2+ 27. Qxe2 Qb7 28. Ne3 Rfc8 29. g4 Be4 30. Nd2 Rc3 31. Nxe4 dxe4 32. Nc4 Nf6 33. Qd2 Nxg4 34. Rxc3 bxc3 35. Qxc3 Qxb3 36. Qxb3 Rxb3 37. Nd2 Rd3 38. Nxe4 Rxd4 39. Ng3 g6 40. f3 Nf6 41. Ra7 Kg7 42. Ne2 Rd7 43. Ra6 h5 44. Nf4 Nd5 45. Ne2 h4 46. Kf1 Ne3+ 47. Kf2 Nf5 48. Ke1 Rb7 49. Ra3 Rb1+ 50. Kf2 Rb2 51. Kf1 g5 52. Ke1 Kf6 53. Rc3 Ra2 54. Rb3 Rxe2+ 0-1

[Event "December 5 Early 2023"]
[Site "https://www.chess.com"]
[Date "2023.12.05"]
[Round "2"]
[White "Galchenko, Matvey"]
[Black "Golubev, Mikhail"]
[Result "1-0"]
[Board "24"]
[TimeControl "180+1"]
[WhiteFideId "24175480"]
[BlackFideId "14100983"]
[WhiteElo "2961"]
[BlackElo "2607"]
[WhiteTeam "FID"]
[BlackTeam "UKR"]
[WhiteClock "0:00:25"]
[BlackClock "0:00:00"]

1. e4 c5 2. Nc3 Nc6 3. Bb5 Nd4 4. Nf3 e6 5. Bd3 Nxf3+ 6. Qxf3 g6 7. O-O Bg7 8. Rb1 Ne7 9. b4 cxb4 10. Rxb4 Nc6 11. Rb1 O-O 12. Qd1 d5 13. exd5 exd5 14. Ba3 Re8 15. Re1 Rxe1+ 16. Qxe1 Ne5 17. Be2 Bf5 18. Rxb7 d4 19. Nb5 Bxc2 20. Bf1 Qd5 21. Re7 Qxa2 22. Rxe5 Bxe5 23. Qxe5 Ba4 24. Nc7 Rd8 25. Be7 Rc8 26. Bc5 1-0